 Dungeon Crawl Stone Soup version 0.31-a0-426-g3a05650e59 (webtiles) character file.

Game seed: 10268415200510587347

1946 drugrobin the Cleaver (level 8, -7/62 HPs)
             Began as a Demigod Delver on July 30, 2023.
             Mangled by an orc warrior
             ... wielding a +0 battleaxe
              (14 damage)
             ... on level 5 of the Dungeon.
             The game lasted 00:24:14 (7948 turns).

drugrobin the Cleaver (Demigod Delver)              Turns: 7948, Time: 00:24:14

Health: -7/62      AC:  8    Str: 21    XL:     8   Next: 66%
Magic:  19/19      EV: 12    Int: 12    God:
Gold:   208        SH:  0    Dex: 15    Spells: 5/7 levels left

rFire   . . .        a - +0 hand axe
rCold   + . .        (no shield)
rNeg    . . .        h - +3 leather armour
rPois   .            n - +0 helmet
rElec   .            u - +0 cloak
rCorr   .            (no gloves)
SInv    .            (no boots)
Will    .....        (no amulet)
Stlth   +++          q - ring of protection from cold
HPRegen 0.30/turn    y - ring of magical power
MPRegen 0.16/turn

%: no passive effects
@: no status effects
A: high MP 1, forlorn, divine attributes
a: no special abilities


You were on level 5 of the Dungeon.
You visited 2 branches of the dungeon, and saw 8 of its levels.

You collected 336 gold pieces.
You spent 128 gold pieces at shops.

Inventory:

Hand Weapons
 a - a +0 hand axe (weapon)
 b - a +1 shortbow of draining
 c - a +2 shortbow of flaming
Missiles
 p - 9 javelins (quivered)
 B - 16 poisoned darts
 G - 5 atropa-tipped darts
Armour
 h - a +3 leather armour (worn)
 n - a +0 helmet (worn)
 u - a +0 cloak (worn)
Jewellery
 q - a ring of protection from cold (left hand)
 y - a ring of magical power (right hand)
Wands
 g - a wand of digging (2)
Scrolls
 d - 4 scrolls of enchant weapon
 e - 3 scrolls of identify
 j - a scroll of noise {unknown}
 k - a scroll of revelation
 l - 2 scrolls of vulnerability
 r - 3 scrolls of enchant armour
 s - a scroll of brand weapon
 v - a scroll of teleportation
 w - 2 scrolls of fear
 A - a scroll of amnesia
 F - a scroll of silence {unknown}
 I - a scroll of poison {unknown}
Potions
 f - 3 potions of haste
 i - 3 potions of attraction
 m - a potion of magic
 o - 5 potions of mutation
 t - a potion of might
 x - a potion of enlightenment
 C - a potion of curing
 D - a potion of heal wounds
 E - a potion of resistance
 H - 2 potions of brilliance {unknown}


   Skills:
 - Level 2.6 Fighting
 + Level 10.9 Axes
 - Level 1.7 Dodging
 - Level 4.5 Stealth


You had 5 spell levels left.
You knew the following spells:

 Your Spells              Type           Power      Damage    Failure   Level
a - Blink                 Tloc           0%         N/A       50%         2

Your spell library contained the following spells:

 Spells                   Type           Power      Damage    Failure   Level
 Freeze                   Ice            0%         1d3       36%         1
 Lesser Beckoning         Tloc           0%         N/A       50%         2
 Momentum Strike          Conj/Tloc      0%         3d8       50%         2
 Frozen Ramparts          Ice            0%         1d1       75%         3
 Gell's Gravitas          Tloc           0%         N/A       75%         3
 Hailstorm                Conj/Ice       0%         3d3       75%         3
 Teleport Other           Tloc           0%         N/A       75%         3


Dungeon Overview and Level Annotations

Branches:
Dungeon (7/15)             Temple (1/1) D:5

Shops:
D:4 *   D:5 *

Annotations:
D:5 2 runed translucent doors, Grinder; Ofeo's ghost, novice DsWn


Innate Abilities, Weirdness & Mutations

You have an increased reservoir of magic. (+10% MP)
You shall have no god before yourself.
Your divine heritage dramatically boosts your attributes as you level up.


Message History

The orc warrior barely misses you.
Unknown command.
Unknown command.
You hit the orc warrior but do no damage.
The orc warrior is almost dead.
The orc warrior closely misses you.
Unknown command.
You hit the orc warrior.
The orc warrior is almost dead.
You hit the orc warrior but do no damage.
The orc warrior is almost dead.
The orc warrior hits you with a +0 battleaxe.
* * * LOW HITPOINT WARNING * * *
Unknown command.
Unknown command.
You hit the orc warrior.
The orc warrior is almost dead.
The orc warrior hits you with a +0 battleaxe.
* * * LOW HITPOINT WARNING * * *
Unknown command.
You barely miss the orc warrior.
The orc warrior is almost dead.
The orc warrior misses you.
You barely miss the orc warrior.
The orc warrior is almost dead.
You hit the orc warrior but do no damage.
The orc warrior is almost dead.
The orc warrior barely misses you.
You are too injured to fight recklessly!
You closely miss the orc warrior.
The orc warrior is almost dead.
The orc warrior hits you with a +0 battleaxe!
* * * LOW HITPOINT WARNING * * *
You barely miss the orc warrior.
The orc warrior is almost dead.
The orc warrior misses you.
You hit the orc warrior but do no damage.
The orc warrior is almost dead.
The orc warrior hits you with a +0 battleaxe!
You die...

#...#o##..####.#..#..# #..
#......#.............#####.
#...##...................#.
##°############..##...##.#.
#.# ##..#######)#.
#.###########........##.#.
#..o......##.....##.......
#########.###...###..##.##
#@####..###..##.#
#o).............#
######..####.#### #..# #.#
#..####.# #†......#
#>####### #.# #.#


You could see an orc warrior.

Vanquished Creatures
  2 water moccasins
  A sky beast (D:6)
  A black bear (D:6)
  2 ice beasts (D:6)
  A centaur (D:6)
  3 ogres
  A phantom (D:6)
  A kobold brigand (D:6)
  A bullfrog (D:6)
  A howler monkey (D:5)
  2 hounds
  4 orc priests
  A gnoll bouda (D:5)
  5 iguanas
  A sleepcap (D:5)
  4 orc wizards
  7 gnolls
  13 adders
  2 white imps (D:5)
  3 ufetubi (D:6)
  3 dart slugs (D:4)
  2 worms (D:3)
  18 orcs
  3 bats
  3 endoplasms
  3 giant cockroaches
  8 goblins
  7 hobgoblins
  10 jackals
  13 kobolds
  6 quokkas
  4 ball pythons
  A frilled lizard (D:1)
  A goblin skeleton (D:5)
  A goblin zombie (D:5)
  4 hobgoblin zombies (D:5)
  A kobold skeleton (D:5)
  2 orc skeletons (D:5)
  An orc zombie (D:5)
  7 rats
154 creatures vanquished.

Notes
Turn   | Place    | Note
-------+----------+-------------------------------------------
     0 | D:5      | drugrobin the Demigod Delver began the quest for the Orb.
     0 | D:5      | Reached XP level 1. HP: 18/18 MP: 3/3
    48 | D:3      | Reached skill level 2 in Axes
   107 | D:2      | Reached XP level 2. HP: 25/25 MP: 4/4
   335 | D:1      | Reached skill level 3 in Axes
  1233 | D:2      | Reached XP level 3. HP: 30/30 MP: 5/5
  2093 | D:3      | Reached skill level 4 in Axes
  2229 | D:3      | Reached XP level 4. HP: 37/37 MP: 6/6
  2632 | D:4      | Found Ufor's Assorted Antiques.
  2641 | D:4      | Bought a scroll labelled KYCEOD KYUXATYV for 29 gold pieces
  2641 | D:4      | Bought a scroll labelled TUGUURR FOPPOBATT for 29 gold
                  | pieces
  2861 | D:4      | Reached skill level 5 in Axes
  2913 | D:4      | Reached XP level 5. HP: 42/42 MP: 7/7
  3399 | D:4      | Noticed an orc warrior
  3490 | D:5      | Reached skill level 6 in Axes
  3525 | D:5      | Noticed an ogre
  3666 | D:5      | Found a staircase to the Ecumenical Temple.
  3672 | D:5      | Reached XP level 6. HP: 50/50 MP: 8/8
  3903 | D:5      | Noticed Grinder
  4141 | Temple   | Entered the Ecumenical Temple
  4435 | D:5      | Found Hatoliwn's General Store.
  4451 | D:5      | Bought a potion of degeneration for 14 gold pieces
  4451 | D:5      | Bought a scroll of amnesia for 56 gold pieces
  4644 | D:6      | Reached skill level 7 in Axes
  4922 | D:7      | Learned a level 2 spell: Blink
  4980 | D:6      | Noticed a water moccasin
  5077 | D:6      | Reached XP level 7. HP: 55/56 MP: 9/9
  5122 | D:6      | Reached skill level 8 in Axes
  6309 | D:5      | Found a runed translucent door.
  6310 | D:5      | Noticed Ofeo's ghost (novice DsWn)
  6412 | D:5      | Found a runed translucent door.
  6552 | D:5      | Reached skill level 9 in Axes
  6676 | D:5      | Reached XP level 8. HP: 62/62 MP: 10/10
  7131 | D:6      | Reached skill level 10 in Axes
  7948 | D:5      | Mangled by an orc warrior

Illustrated notes

Levels and vault maps discovered:
D:1:      dpeg_arrival_radiant, layout_loops_ring,
          chequers_ecumenical_altar_lobes, serial_forest,
          infiniplex_forest_lined_1, infiniplex_forest_clump_medium,
          infiniplex_forest_corner_1, infiniplex_forest_corner_1,
          infiniplex_forest_lined_room_3, infiniplex_forest_lined_4_way,
          infiniplex_forest_lined_corner, infiniplex_forest_lined_2,
          infiniplex_forest_lined_4_way, nrook_mini_backslash
D:2:      layout_basic
D:3:      layout_basic, nicolae_wu_jian_wuxing_cycle
D:4:      layout_loops_ring, serial_shops, shop, minmay_pentangle
D:5:      layout_loops_corners, nicolae_tso_besieged_by_evil,
          minmay_temple_entry_purple_smoke, serial_shops, shop,
          ebering_ghost_sewer_f, uniq_grinder
D:6:      layout_basic, grunt_ministairs_14, hangedman_abyss_or_decor_passed,
          mrwooster_statue_mirror, reono_crystal_passage
D:7:      layout_loops_ring, nicolae_uskayaw_suspiria,
          hellmonk_ghost_happy_afterlife, dk_vineyard_1
Temple:   compressed_dpeg_circular_temple

Skill      XL: |  1  2  3  4  5  6  7  8 |
---------------+-------------------------+-----
Axes           | 2 3 4 5 6 7 9 10 | 10.9
Fighting       | |  2.6
Dodging        | |  1.7
Stealth        | |  4.5

Action                     |  1- 3 |  4- 6 |  7- 9 || total
---------------------------+-------+-------+-------++-------
  Melee: Hand axe          |    48 |   160 |   222 ||   430
         Punch             |     1 |     1 |     3 ||     5
         Shortbow          |       |     1 |       ||     1
         Flail             |       |       |     4 ||     4
   Fire: Shortbow          |    73 |   121 |    69 ||   263
  Throw: Javelin           |       |     1 |     5 ||     6
         Dart              |       |       |     2 ||     2
         Throwing net      |       |       |     2 ||     2
  Evoke: Wand              |       |     1 |       ||     1
    Use: Scroll            |     2 |     1 |    13 ||    16
         Potion            |       |     4 |       ||     4
   Stab: Distracted        |       |       |     1 ||     1
 Armour: Leather armour    |    17 |    96 |    76 ||   189
  Dodge: Dodged            |    34 |   138 |   139 ||   311

Table legend: (Time is in decaauts)
 A = Elapsed time spent in this place.
 B = Non-inter-level travel time spent in this place.
 C = Inter-level travel time spent in this place.
 D = Time resting spent in this place.
 E = Time spent auto-exploring this place.
 F = Levels seen in this place.
 G = Mean time per level.
                   A        B        C        D        E       F      G
               +--------+--------+--------+--------+--------+-----+--------+
         Total |   7992 |   7525 |    467 |   1309 |   3650 |   8 |  999.0 |
       Dungeon |   7919 |   7452 |    467 |   1241 |   3650 |   7 | 1131.3 |
        Temple |     72 |     72 |      0 |     68 |      0 |   1 |   72.0 |
               +--------+--------+--------+--------+--------+-----+--------+

Top non-repeatable levels by time:
     D:5: 1930 daAuts
     D:6: 1735 daAuts
     D:4: 1298 daAuts
     D:2: 933 daAuts
     D:1: 924 daAuts
     D:3: 820 daAuts
     D:7: 276 daAuts
  Temple: 72 daAuts
